 Dungeon Crawl Stone Soup version 0.32-a0-931-g5a2cda0630 (webtiles) character file.

Game seed: 529687904750590570

32 runemasterragnar the Shooter (level 3, -5/28 HPs)
             Began as a Coglin Hunter on Apr 13, 2024.
             Slain by Sigmund
             ... wielding a +1 scythe of protection
              (9 damage)
             ... on level 2 of the Dungeon.
             The game lasted 00:00:25 (709 turns).

runemasterragnar the Shooter (Coglin Hunter)         Turns: 709, Time: 00:00:27

Health: -5/28      AC:  3    Str: 11    XL:     3   Next: 27%
Magic:  3/3        EV: 11    Int:  8    God:
Gold:   49         SH:  0    Dex: 19    Spells: 2/2 levels left

rFire   . . .        a - +2 sling {Qiuyue}
rCold   . . .        d - +0 sling {Arsinoe}
rNeg    . . .        c - +0 leather armour
rPois   .            (no helmet)
rElec   .            (no cloak)
rCorr   .            (no gloves)
SInv    .            (no boots)
Will    .....        (amulet unavailable)
Stlth   ++           (ring unavailable)
HPRegen 0.24/turn    (ring unavailable)
MPRegen 0.08/turn    (no gizmo)

%: no passive effects
@: revved
A: off-hand wielding, slow wielding, warmup strikes, no jewellery
a: Invent Gizmo


You were on level 2 of the Dungeon.
You visited 1 branch of the dungeon, and saw 2 of its levels.

You collected 49 gold pieces.

Inventory:

Hand Weapons
 a - a +2 sling (weapon) {Qiuyue}
 d - a +0 sling (offhand) {Arsinoe}
Armour
 c - a +0 leather armour (worn)
Scrolls
 b - a scroll of butterflies
 e - a scroll of amnesia {unknown}
 f - a scroll of poison {unknown}
 h - a scroll of noise {unknown}
Potions
 g - a potion of ambrosia {unknown}


   Skills:
 + Level 2.4 Fighting
 * Level 4.0 Ranged Weapons
 + Level 2.1 Dodging
 + Level 1.3 Stealth


You had 2 spell levels left.
You didn't know any spells.
Your spell library contained the following spells:

 Spells                   Type           Power      Damage    Failure   Level
 Sandblast                Erth           0%         2d4       50%         1
 Slow                     Hex            0%         N/A       50%         1
 Confusing Touch          Hex            0%         N/A       86%         3
 Stone Arrow              Conj/Erth      0%         3d7       86%         3
 Vampiric Draining        Necr           0%         2d6       86%         3
 Brom's Barrelling Bould  Conj/Erth      0%         2d3       99%         4


Dungeon Overview and Level Annotations

Branches:
Dungeon (2/15)

Altars:

Annotations:
D:2 Sigmund


Innate Abilities, Weirdness & Mutations

You can wield a second weapon in your off-hand.
It takes a long time for you to wield or remove held weapons.
Your first few attacks do less damage.
You cannot equip rings or amulets.


Message History

You shoot a sling bullet.
The sling bullet hits Sigmund but does no damage.
Sigmund is moderately wounded.
You shoot a sling bullet. The sling bullet hits Sigmund!
Sigmund is heavily wounded.
Sigmund hits you but does no damage.
Fire: a) +2 sling {Qiuyue}
Press: ? - help, Q - select action Shift-Dir - straight line, f/p - Sigmund
Aim: Sigmund, wielding a +1 scythe of protection and wearing a +0 robe (heavily wounded, 61% to hit)
You shoot a sling bullet.
The sling bullet hits Sigmund but does no damage.
Sigmund is heavily wounded.
You shoot a sling bullet.
The sling bullet hits Sigmund but does no damage.
Sigmund is heavily wounded.
Sigmund hits you from afar with a +1 scythe of protection.
Fire: a) +2 sling {Qiuyue}
Press: ? - help, Q - select action Shift-Dir - straight line, f/p - Sigmund
Aim: Sigmund, wielding a +1 scythe of protection and wearing a +0 robe (heavily wounded, 61% to hit)
You shoot a sling bullet.
The sling bullet hits Sigmund but does no damage.
Sigmund is heavily wounded.
You shoot a sling bullet. The sling bullet hits Sigmund.
Sigmund is heavily wounded.
Sigmund hits you from afar with a +1 scythe of protection!
* * * LOW HITPOINT WARNING * * *
Fire: a) +2 sling {Qiuyue}
Press: ? - help, Q - select action Shift-Dir - straight line, f/p - Sigmund
Aim: Sigmund, wielding a +1 scythe of protection and wearing a +0 robe (heavily wounded, 61% to hit)
You shoot a sling bullet.
The sling bullet hits Sigmund but does no damage.
Sigmund is heavily wounded.
You shoot a sling bullet. The sling bullet hits Sigmund!
Sigmund is almost dead.
Sigmund hits you from afar with a +1 scythe of protection!
You die...
Sigmund begins carving another notch in his scythe.

#.....##..#####.. ..
#.....##......... ..#
#.....##..#####.#....
##...###..# .#....
##.## #.)#####......
#. #............. #.
#.##.......... #.
#..........#.#
#.##..@.....).
#...........†#
####...@......
#..$....### #####.###
.# .# (#


You could see Sigmund.

Vanquished Creatures
  A ball python (D:1)
  2 endoplasms
  4 giant cockroaches (D:1)
  4 goblins
  3 hobgoblins
  5 quokkas
  3 bats (D:1)
  2 frilled lizards (D:1)
  2 rats (D:2)
26 creatures vanquished.

Notes
Turn   | Place    | Note
-------+----------+-------------------------------------------
     0 | D:1      | runemasterragnar the Coglin Hunter began the quest for the
                  | Orb.
     0 | D:1      | Reached XP level 1. HP: 16/16 MP: 1/1
    65 | D:1      | Reached skill level 1 in Stealth
    73 | D:1      | Reached XP level 2. HP: 22/22 MP: 2/2
   477 | D:1      | Reached skill level 4 in Ranged Weapons
   477 | D:1      | Reached XP level 3. HP: 27/27 MP: 3/3
   699 | D:2      | Noticed Sigmund
   709 | D:2      | Slain by Sigmund

Illustrated notes

Levels and vault maps discovered:
D:1:      dpeg_arrival_leaves_temple_mockup, layout_basic
D:2:      layout_loops_ring, uniq_sigmund, uniq_terence

Skill      XL: |  1  2 |
---------------+-------+-----
Stealth        | 1 |  1.3
Dodging        | 2 |  2.1
Ranged Weapons | 4 |  4.0
Fighting       | |  2.4

Action                     || total
---------------------------++-------
   Fire: Sling             ||   128
 Armour: Leather armour    ||     6
  Dodge: Dodged            ||     2

Table legend: (Time is in decaauts)
 A = Elapsed time spent in this place.
 B = Non-inter-level travel time spent in this place.
 C = Inter-level travel time spent in this place.
 D = Time resting spent in this place.
 E = Time spent auto-exploring this place.
 F = Levels seen in this place.
 G = Mean time per level.
                   A        B        C        D        E       F      G
               +--------+--------+--------+--------+--------+-----+--------+
         Total |    724 |    699 |     25 |      0 |    585 |   2 |  362.0 |
       Dungeon |    724 |    699 |     25 |      0 |    585 |   2 |  362.0 |
               +--------+--------+--------+--------+--------+-----+--------+

Top non-repeatable levels by time:
     D:1: 662 daAuts
     D:2: 62 daAuts
